[ AOE2 MATCH · #476668285 ]
UnrankedPersians vs Wu
Player's team · LOSS
Rival team · WIN
[ REPLAY ANALYSIS · EXTRACTED FROM THE RECORDED GAME ]
Feudal
—
Castle
—
Imperial
—
| APM avg | 52.3 |
| APM peak | 103 |
| eAPM avg | 21.9 |
| Villagers / military | 18 / 0 |
Focus
⚔️ 12.7% · 🌾 87.3%
Feudal
—
Castle
—
Imperial
—
| APM avg | 21.9 |
| APM peak | 40 |
| eAPM avg | 11.9 |
| Villagers / military | 16 / 0 |
Focus
⚔️ 17.2% · 🌾 82.8%
Match map
Initial resources + every placement click. Lines = walls · curves = elevation contours. ◆ gold · ⬟ stone · ● berries · ✦ relic · ◌ wall gap
Your base
ElOsoConBarba's base
Smoothed initial terrain · ◌ = detected wall gap · hover for details
Inputs per minute
— cartmeltim18 - - ElOsoConBarba
Build order — cartmeltim18
25 actions detected in the replay
| 0:01 | Create | Villager (Male) |
| 0:01 | Create | Villager (Male) |
| 0:04 | Build | House |
| 0:05 | Build | House |
| 0:08 | Create | Villager (Male) |
| 0:09 | Create | Villager (Male) |
| 0:09 | Create | Villager (Male) |
| 1:16 | Build | Lumber Camp |
| 1:27 | Create | Villager (Male) |
| 1:52 | Create | Villager (Male) |
| 3:09 | Create | Villager (Male) |
| 3:10 | Create | Villager (Male) |
| 3:10 | Create | Villager (Male) |
| 3:39 | Create | Villager (Male) |
| 3:39 | Create | Villager (Male) |
| 3:41 | Build | Mill |
| 4:06 | Build | House |
| 4:31 | Create | Villager (Male) |
| 4:33 | Create | Villager (Male) |
| 4:34 | Create | Villager (Male) |
| 4:51 | Create | Villager (Male) |
| 5:29 | Research | Loom |
| 5:29 | Create | Villager (Male) |
| 5:55 | Create | Villager (Male) |
| 7:32 | Build | Town Center |
Build order — ElOsoConBarba
24 actions detected in the replay
| 0:01 | Create | Villager (Male) |
| 0:02 | Create | Villager (Male) |
| 0:02 | Create | Villager (Male) |
| 0:02 | Create | Villager (Male) |
| 0:04 | Build | House |
| 0:05 | Build | House |
| 1:27 | Create | Villager (Male) |
| 1:59 | Build | Lumber Camp |
| 2:02 | Create | Villager (Male) |
| 2:05 | Create | Villager (Male) |
| 2:30 | Create | Villager (Male) |
| 2:56 | Research | Loom |
| 3:19 | Create | Villager (Male) |
| 3:35 | Create | Villager (Male) |
| 4:09 | Create | Villager (Male) |
| 4:14 | Build | House |
| 4:18 | Build | Mining Camp |
| 4:30 | Create | Villager (Male) |
| 5:25 | Create | Villager (Male) |
| 5:25 | Create | Villager (Male) |
| 5:38 | Create | Villager (Male) |
| 6:21 | Build | Mill |
| 6:24 | Create | Villager (Male) |
| 6:46 | Build | Mining Camp |
Match timeline
| 9:12 | cartmeltim18 · resign |
[ AI ANALYSIS · 1 CREDIT ]
What really happened in this match?
Wolo.gg analyzes every decision: build order, eco, micro, common mistakes by bracket. Personalized analysis on WhatsApp or Discord in 30 seconds.
Civ guide
Persians
Perfil
Jugador #25012830